 Dungeon Crawl Stone Soup version 0.28.0-62-gf88900778d (webtiles) character file.

Game seed: 699890663349119518

586 cbfl8 the Chopper (level 7, 0/53 HPs)
             Began as a Demonspawn Fighter on Mar 14, 2024.
             Was an Initiate of Hepliaklqana.
             Succumbed to a kobold brigand's poison
             ... in a sewer.
             The game lasted 00:05:47 (4129 turns).

cbfl8 the Chopper (Demonspawn Fighter)              Turns: 4129, Time: 00:05:48

Health: 0/53       AC: 13    Str: 16    XL:     7   Next: 15%
Magic:  7/7        EV: 12    Int:  9    God:    Hepliaklqana [......]
Gold:   134        SH:  9    Dex: 15    Spells: 6/6 levels left

rFire   . . .      SeeInvis .   a - +0 war axe
rCold   . . .      Faith    .   c - +0 buckler
rNeg    . . .      Spirit   .   b - +0 scale mail
rPois   .          Reflect  .   h - +2 helmet
rElec   .          Harm     .   (no cloak)
rCorr   .          Rampage  .   (no gloves)
Will    .....                   (no boots)
Stlth   ..........              (no amulet)
HPRegen 0.17/turn               f - +4 ring of evasion
MPRegen 0.10/turn               (no ring)

@: mighty, lethally poisoned (0 -> -4), invisible
A: hooves 1, slimy green scales 2, condensation shield
a: Renounce Religion


You were in a sewer.
You worshipped Hepliaklqana.
Hepliaklqana was noncommittal.
You visited 2 branches of the dungeon, and saw 5 of its levels.
You also visited: Sewer.

You collected 134 gold pieces.

Inventory:

Hand Weapons
 a - a +0 war axe (weapon)
Armour
 b - a +0 scale mail (worn)
 c - a +0 buckler (worn)
 h - a +2 helmet (worn)
Jewellery
 f - a +4 ring of evasion (left hand)
Scrolls
 g - a scroll of enchant armour {unknown}
 i - 2 scrolls of noise
 j - a scroll of summoning {unknown}
 l - a scroll of enchant weapon
 n - 3 scrolls of teleportation
Potions
 d - 2 potions of might


   Skills:
 + Level 3.9 Fighting
 + Level 4.8 Axes
 + Level 3.6 Armour
 + Level 3.6 Shields
 * Level 3.2 Evocations


You had 6 spell levels left.
You didn't know any spells.
Your spell library contained the following spells:

 Spells                   Type           Power      Damage    Failure   Level
 Beastly Appendage        Tmut           0%         N/A       88%         1
 Freeze                   Ice            0%         1d3       88%         1
 Sandblast                Erth           0%         2d4       88%         1
 Passwall                 Tmut/Erth      0%         N/A       95%         2
 Sublimation of Blood     Necr           0%         N/A       95%         2
 Wereblood                Tmut           0%         N/A       95%         2
 Frozen Ramparts          Ice            0%         1d2       99%         3
 Spider Form              Tmut/Pois      0%         N/A       99%         3
 Stone Arrow              Conj/Erth      0%         3d7       99%         3
 Hailstorm                Conj/Ice       0%         3d3       100%        4
 Petrify                  Tmut/Erth      0%         N/A       100%        4
 Irradiate                Conj/Tmut      0%         3d13      100%        5


Dungeon Overview and Level Annotations

Branches:
Dungeon (4/15)             Temple (1/1) D:4           Sewer (1/1)

Altars:
Cheibriados
Dithmenos
Hepliaklqana
Makhleb
Nemelex Xobeh
Okawaru
Qazlal
Ru
Uskayaw
Vehumet
Wu Jian
Xom
Yredelemnul
The Shining One


Innate Abilities, Weirdness & Mutations

You have large cloven feet.
You are mostly covered in slimy green scales. (AC +3)
A meltable shield of frost defends you. (SH +4)


Message History

You feel sick.
The kobold brigand splashes around in the water.
Unknown command.
You closely miss the kobold brigand. You kick the kobold brigand.
The kobold brigand is lightly wounded.
You feel sick.
You are no longer poisoned.
The kobold brigand barely misses you.
Unknown command.
You hit the kobold brigand. Your kick misses the kobold brigand.
The kobold brigand is moderately wounded.
The kobold brigand splashes around in the water.
The kobold brigand hits you with a +0 club.
Unknown command.
Your unstable footing causes you to fumble your attack.
The kobold brigand hits you with a +0 club.
* * * LOW HITPOINT WARNING * * *
You feel better.
The kobold brigand hits you with a +0 club!
* * * LOW HITPOINT WARNING * * *
You fade into invisibility!
You block the kobold brigand's attack.
As you read the scroll of identify, it crumbles to dust.
n - 3 scrolls of teleportation The kobold brigand hits you with a +0 club!
* * * LOW HITPOINT WARNING * * *
Okay, then.
Blink to where?
Press: ? - help, Dir - move target
As you read the scroll of blinking, it crumbles to dust.
You feel very mighty all of a sudden.
The kobold brigand throws a poisoned dart.
The poisoned dart hits you!
You are lethally poisoned!
You enter the shallow water.
Moving in this stuff is going to be slow. ...and don't expect to remain undetected.
* * * LOW HITPOINT WARNING * * *
You feel very sick.
You die...

≈≈≈≈≈≈≈≈.≈≈.≈≈≈≈≈≈≈†≈≈†..≈.#
≈≈≈≈≈≈..≈...###########...≈#
≈≈≈≈≈≈..≈≈..≈≈≈..≈# #.≈..≈≈#
≈≈≈≈≈≈....≈.≈≈#≈### ###.≈..#
############...≈..#≈# ######
≈≈≈h≈r≈§K≈≈≈.....≈#≈# #
############......#≈##P#
≈≈≈≈≈≈..≈..≈≈≈#≈..# ####
≈≈≈≈≈≈≈.....@≈#≈#########≈.#
≈≈≈≈≈..P≈≈.≈≈.#≈#≈≈≈≈≈≈≈≈..#
≈≈≈≈≈...≈.≈≈≈.#≈#########..#
≈≈≈≈≈.P≈.....≈#≈#..#≈#≈.P.##
#####P..≈≈.......≈.#≈#.≈.P.#
≈≈≈≈....≈≈≈≈...P.≈≈#≈#≈....#
########P.≈.........††#≈#≈≈.≈.#
≈≈≈≈≈≈≈≈.≈...≈≈##≈#..†.#≈#≈...##
≈≈≈≈≈≈≈≈≈≈....###≈##..≈≈....≈##


There were no monsters in sight!

Vanquished Creatures
  An ogre (D:4)
  A kobold brigand (Sewer)
  A scorpion (D:4)
  A howler monkey (D:4)
  An orc priest (D:3)
  Natasha (twice) (D:3)
  Robin (D:3)
  2 river rats (Sewer)
  11 adders
  10 orcs
  9 ball pythons
  2 bats
  2 endoplasms (D:2)
  4 giant cockroaches
  12 goblins
  15 hobgoblins
  5 jackals (Sewer)
  3 kobolds
  6 quokkas
  4 frilled lizards
  25 rats
118 creatures vanquished.

Vanquished Creatures (others)
  19 plants (Sewer)
19 creatures vanquished.

Grand Total: 137 creatures vanquished

Notes
Turn   | Place    | Note
-------+----------+-------------------------------------------
     0 | D:1      | cbfl8 the Demonspawn Fighter began the quest for the Orb.
     0 | D:1      | Reached XP level 1. HP: 18/18 MP: 1/1
   230 | D:1      | Found a faded altar of an unknown god.
   344 | D:1      | Gained mutation: You are partially covered in slimy green
                  | scales. (AC +2) [demonic ancestry]
   344 | D:1      | Reached XP level 2. HP: 14/24 MP: 2/2
   957 | D:1      | Reached skill level 2 in Axes
  1321 | D:2      | Gained mutation: You are mostly covered in slimy green
                  | scales. (AC +3) [demonic ancestry]
  1321 | D:2      | Reached XP level 3. HP: 21/29 MP: 3/3
  1389 | D:2      | Reached skill level 1 in Evocations
  2214 | D:3      | Noticed Natasha
  2223 | D:3      | Reached XP level 4. HP: 29/35 MP: 4/4
  2224 | D:3      | Killed Natasha
  2238 | D:3      | Reached skill level 3 in Axes
  2241 | D:3      | Noticed Natasha
  2257 | D:3      | Killed Natasha
  2258 | D:3      | Gained mutation: A meltable shield of frost defends you.
                  | (SH +4) [demonic ancestry]
  2258 | D:3      | Reached XP level 5. HP: 18/41 MP: 5/5
  2783 | D:3      | Noticed Robin
  2832 | D:3      | Killed Robin
  3417 | D:4      | Found a staircase to the Ecumenical Temple.
  3425 | D:4      | Reached XP level 6. HP: 48/48 MP: 6/6
  3429 | Temple   | Entered the Ecumenical Temple
  3433 | Temple   | Became a worshipper of Hepliaklqana the Forgotten
  3507 | D:4      | Reached skill level 4 in Axes
  3587 | D:4      | Found a glowing drain.
  3650 | Sewer    | Entered a sewer
  3990 | Sewer    | Gained mutation: You have large cloven feet. [demonic
                  | ancestry]
  3990 | Sewer    | Reached XP level 7. HP: 51/53 MP: 7/7
  4128 | Sewer    | HP: 1/53 [poisoned by a kobold brigand]
  4129 | Sewer    | Succumbed to a kobold brigand's poison

Illustrated notes

Levels and vault maps discovered:
D:1:      roderic_chinese_lattice_arrival, layout_loops_corners,
          basic_ecumenical_altar
D:2:      layout_rooms
D:3:      layout_loops_ring, minmay_misc_feat_chi, minmay_misc_feat_columns,
          minmay_rat_hole, uniq_robin, uniq_natasha
D:4:      layout_basic, kennysheep_little_box, minmay_temple_entry_nine_rooms,
          gup_sewer_entry_glass, minmay_quadrilaterals
Temple:   dpeg_three_leaves_temple
Sewer:    sewer_co_scattered_pipes

Skill      XL: |  1  2  3  4  5  6 |
---------------+-------------------+-----
Axes           | 2 3 4 |  4.8
Armour         | 3 |  3.6
Shields        | 3 |  3.6
Evocations     | 1 2 3 |  3.2
Fighting       | |  3.9

Action                   |  1- 3 |  4- 6 |  7- 9 || total
-------------------------+-------+-------+-------++-------
Melee: War axe           |   131 |   220 |    38 ||   389
       Kick              |       |       |     9 ||     9
  Use: Potion            |       |     3 |     3 ||     6
       Scroll            |       |     3 |     2 ||     5
Armor: Scale mail        |    74 |    85 |     7 ||   166
Dodge: Dodged            |    70 |   134 |    16 ||   220
Block: Buckler           |    31 |   116 |    11 ||   158
